 Dungeon Crawl Stone Soup version 0.27.1-34-g3ba077fa99 (webtiles) character file.

Game seed: 17654373849110735198

22668 LLlMATKO the Quickloader (level 12, -7/168 HPs)
             Began as a Minotaur Berserker on Jan 21, 2022.
             Was the Champion of Trog.
             Mangled by a water elemental (10 damage)
             ... on level 13 of the Dungeon.
             The game lasted 00:21:09 (16469 turns).

LLlMATKO the Quickloader (Minotaur Berserker)      Turns: 16469, Time: 00:21:10

Health: -7/168     AC: 28    Str: 22    XL:     12   Next: 65%
Magic:  11/11      EV: 12    Int:  4    God:    Trog [******]
Gold:   963        SH: 21    Dex: 15    Spells: 11/11 levels left

rFire    + . .     SeeInvis +   W - +2 hand axe (flame)
rCold    . . .     Faith    .   T - +0 tower shield
rNeg     . . .     Spirit   .   P - +6 plate armour "Oraon" {-Cast rF+ Will+++ Regen+ rCorr}
rPois    .         Reflect  +   D - +0 hat
rElec    .         Harm     .   N - +2 cloak {Stlth+}
rCorr    +         Rampage  .   H - +0 pair of gloves
Will     +++..     NoCast   +   S - +1 pair of boots {Stlth+}
Stlth    ..........             O - amulet of reflection
HPRegen  1.38/turn              h - +4 ring of evasion
MPRegen  0.12/turn              u - ring of see invisible

@: berserking, studying Crossbows, very quick
A: horns 2, retaliatory headbutt
a: Renounce Religion, Berserk, Trog's Hand, Brothers in Arms


You were on level 13 of the Dungeon.
You worshipped Trog.
Trog was exalted by your worship.
You visited 1 branch of the dungeon, and saw 13 of its levels.
You also visited: Ossuary and Bailey.

You collected 963 gold pieces.

Inventory:

Hand Weapons
 x - a +3 war axe of freezing
 W - a +2 hand axe of flaming (weapon)
Missiles
 c - 51 poisoned darts (quivered)
 v - 60 bolts
 w - 7 javelins
 A - a curare-tipped dart
 F - 15 boomerangs
Armour
 D - a +0 hat (worn)
 H - a +0 pair of gloves (worn)
 N - a +2 cloak of stealth (worn)
 P - the +6 plate armour "Oraon" (worn) {-Cast rF+ Will+++ Regen+ rCorr}
   (You found it on level 8 of the Dungeon)

   rF:        It protects you from fire.
   -Cast:     It prevents spellcasting.
   Regen:     It increases your rate of health regeneration.
   rCorr:     It protects you from acid and corrosion.
   Will:      It greatly increases your willpower.
 S - a +1 pair of boots of stealth (worn)
 T - a +0 tower shield (worn)
Jewellery
 h - a +4 ring of evasion (left hand)
 u - a ring of see invisible (right hand)
 O - an amulet of reflection (around neck)
 V - a ring of ice
Wands
 f - a wand of acid (8)
 B - a wand of mindburst (12)
 J - a wand of paralysis (11)
 L - a wand of iceblast (9)
 Q - a wand of digging (7)
Scrolls
 b - a scroll of magic mapping
 d - 12 scrolls of identify
 e - 2 scrolls of fog {unknown}
 g - 3 scrolls of enchant weapon
 n - a scroll of brand weapon {unknown}
 q - 2 scrolls of teleportation {unknown}
 r - 2 scrolls of fear {unknown}
 s - a scroll of vulnerability {unknown}
 y - a scroll of immolation {unknown}
 C - a scroll of holy word
 E - a scroll of acquirement
 I - a scroll of amnesia {unknown}
 K - a scroll of silence {unknown}
 R - 2 scrolls of noise {unknown}
Potions
 a - 4 potions of brilliance {unknown}
 i - 6 potions of flight {unknown}
 j - 9 potions of curing {unknown}
 k - 12 potions of heal wounds {unknown}
 l - 5 potions of might
 m - a potion of cancellation {unknown}
 o - 13 potions of degeneration
 p - 5 potions of magic {unknown}
 t - 2 potions of invisibility {unknown}
 z - 3 potions of resistance {unknown}
 G - a potion of ambrosia {unknown}
 M - a potion of mutation {unknown}
 U - a potion of attraction {unknown}


   Skills:
 + Level 11.8 Fighting
 + Level 11.8 Axes
 - Level 12.0 Crossbows
 + Level 11.5 Armour
 + Level 10.6 Dodging
 + Level 7.1 Shields


You had 11 spell levels left.
You didn't know any spells.
Your spell library was empty.

Dungeon Overview and Level Annotations

Branches:
Dungeon (13/15)            Temple (0/1) D:7            Lair (0/6) D:10
    Orc (0/2) D:11        Ossuary (visited)          Bailey (visited)
 Vaults: D:13-14

Altars:
Dithmenos
Fedhas
Gozag
Hepliaklqana
Nemelex Xobeh
Okawaru
Uskayaw
Vehumet
Yredelemnul
Zin

Shops:
D:12 [

Annotations:
D:9 1 transporter


Innate Abilities, Weirdness & Mutations

You have a pair of horns on your head.
You reflexively headbutt those who attack you in melee.


Message History

You hit the skeletal warrior but do no damage.
You block the vampire mosquito's attack.
You block the skeletal warrior's attack. x2
The skeletal warrior hits you but does no damage.
You block the vampire mosquito's attack. x2
The skeletal warrior hits you but does no damage.
Unknown command.
You slash the vampire mosquito! You burn the vampire mosquito.
You feel the power of Trog in you as your rage grows.
You destroy the vampire mosquito!
Trog accepts your kill.
Your shield and plate armour "Oraon" prevent you from hitting the skeletal warrior.
You hit the skeletal warrior. You burn the skeletal warrior.
You slash the vampire mosquito! You burn the vampire mosquito.
You hit the skeletal warrior but do no damage.
Your plate armour "Oraon" prevents you from hitting the skeletal warrior.
Your shield prevents you from hitting the skeletal warrior.
You slash the manticore! You burn the manticore.
The vampire mosquito bites you.
* * * LOW HITPOINT WARNING * * *
The vampire mosquito draws strength from your injuries!
You block the manticore's attack.
The manticore claws you but does no damage. x2
You block the skeletal warrior's attack. x2
The skeletal warrior hits you but does no damage.
You block the skeletal warrior's attack.
The vampire mosquito bites you but does no damage.
You hit the vampire mosquito. You burn the vampire mosquito.
You destroy the vampire mosquito!
Trog accepts your kill.
You hit the skeletal warrior but do no damage.
You barely miss the skeletal warrior. You slash the water elemental!
You burn the water elemental. You closely miss the manticore.
You hit the skeletal warrior. You burn the skeletal warrior.
You closely miss the skeletal warrior. You hit the skeletal warrior.
You burn the skeletal warrior.
You block the skeletal warrior's attack.
You block the manticore's attack. The manticore barely misses you.
You block the manticore's attack. The water elemental hits you!
You die...

,****,,,** *,,,,,*****,,,,,,,*
,,,,,,*,,###.#.#** *#.....,*
,*****,,,..#....#######..#.#,* ,*
**,,,,.......8....##..#.#,* ,*
*,,,,,.............#..#.#,** ,*
*,,,,,....8.....8..#....#,,**
,***,,,,,.......E..........#*,,*
,,,,,,,,,.....9EzzD..#.#..##**,##
,***,,,,,...8..H@y..8)...[.###,.#
,****,,,,......zzz......##<..##..
,*,,,,,,,.......y.......###[.....
,,,*,,,,,....8.....8........(....
,,,*,,,,,...............###..<...
,,,*,,,,,.......8.............(..
,,,*,,,,,.......!.......#########
,,,,,,,,,...##..........#
,,,***,,,,,**#..........#


You could see a five-headed hydra, 5 skeletal warriors, a manticore, 2 water
elementals, 2 vampire mosquitoes and a gargoyle.

Vanquished Creatures
  2 hydras (D:13)
  3 centaur warriors (D:8)
  2 two-headed ogres
  A death knight (D:10)
  A tengu warrior (D:13)
  2 orc knights (Bailey)
  An orc sorcerer (Bailey)
  An ugly thing (D:12)
  A manticore (D:11)
  3 cyclopes (D:11)
  A kobold demonologist (Bailey)
  A komodo dragon (D:11)
  A tengu conjurer (D:8)
  3 meliai (D:13)
  6 trolls
  6 slime creatures (D:12)
  A shadow (D:8)
  A vampire (D:10)
  Sigmund (D:5)
  9 yaks
  6 wraiths
  A steam dragon (D:8)
  5 vampire mosquitoes
  4 acid dragons
  A water moccasin (shapeshifter) (D:12)
  A water moccasin (D:7)
  10 orc warriors
  2 sky beasts
  An ice beast (D:8)
  A swamp drake (D:11)
  A necrophage (D:5)
  A hornet zombie (D:6)
  2 wolves (D:10)
  4 centaurs
  3 ogres
  A phantom (D:5)
  A kobold brigand (D:6)
  4 bullfrogs
  2 scorpions
  9 wights
  3 killer bees (D:9)
  6 electric eels
  2 howler monkeys
  9 hounds
  6 centaur zombies
  6 orc priests
  2 gnoll shamans
  2 bullfrog skeletons
  3 jellies
  2 centaur skeletons
  3 iguanas
  11 orc wizards
  A scorpion zombie (D:5)
  Natasha (thrice) (D:2)
  A hound skeleton (D:4)
  A mummy (Ossuary)
  Robin (D:2)
  A howler monkey skeleton (D:4)
  2 howler monkey zombies
  9 adders
  18 gnolls
  2 white imps
  4 ufetubi
  53 orcs
  7 ball pythons
  8 bats
  6 endoplasms
  3 giant cockroaches
  32 goblins
  15 hobgoblins
  4 jackals (D:1)
  20 kobolds
  2 quokkas
  4 frilled lizards
  4 gnoll skeletons (Ossuary)
  8 kobold skeletons (Ossuary)
  13 orc skeletons (Ossuary)
  A quokka skeleton (D:4)
  2 rats
387 creatures vanquished.

Vanquished Creatures (others)
  4 plants (D:13)
4 creatures vanquished.

Grand Total: 391 creatures vanquished

Notes
Turn   | Place    | Note
-------+----------+-------------------------------------------
     0 | D:1      | LLlMATKO the Minotaur Berserker began the quest for the
                  | Orb.
     0 | D:1      | Reached XP level 1. HP: 19/19 MP: 0/0
    37 | D:1      | Reached XP level 2. HP: 17/27 MP: 1/1
   740 | D:2      | Noticed Natasha
   747 | D:2      | Reached XP level 3. HP: 25/33 MP: 2/2
   749 | D:2      | Killed Natasha
   820 | D:2      | Noticed Natasha
   976 | D:2      | Killed Natasha
   977 | D:2      | Reached XP level 4. HP: 41/41 MP: 3/3
  1032 | D:2      | Reached ** piety under Trog
  1113 | D:2      | Noticed Natasha
  1122 | D:2      | Killed Natasha
  1333 | D:2      | Noticed Robin
  1344 | D:2      | Reached XP level 5. HP: 35/47 MP: 4/4
  1350 | D:2      | Killed Robin
  1373 | D:1      | HP: 1/47 [gnoll (4)]
  2221 | D:3      | Reached skill level 5 in Fighting
  2342 | D:3      | Reached skill level 5 in Axes
  2478 | D:3      | Reached XP level 6. HP: 56/56 MP: 5/5
  3107 | D:4      | Reached *** piety under Trog
  3118 | D:4      | Found a sand-covered staircase.
  3128 | Ossuary  | Entered an ossuary
  3128 | Ossuary  | Noticed a wraith
  3128 | Ossuary  | Noticed a wraith
  3128 | Ossuary  | Noticed a wraith
  3194 | Ossuary  | Noticed a wraith
  3213 | Ossuary  | Killed a wraith
  3214 | Ossuary  | Reached skill level 5 in Armour
  3214 | Ossuary  | Reached XP level 7. HP: 62/62 MP: 6/6
  3425 | D:4      | Found an iron altar of Okawaru.
  3868 | D:4      | Reached **** piety under Trog
  3977 | D:4      | Reached skill level 5 in Dodging
  4025 | D:4      | You fall into a shaft and drop 3 floors!
  4094 | D:7      | Reached skill level 1 in Crossbows
  4262 | D:7      | Reached skill level 2 in Crossbows
  4447 | D:7      | Reached XP level 8. HP: 56/70 MP: 7/7
  4503 | D:7      | Reached skill level 3 in Crossbows
  4930 | D:5      | Entered Level 5 of the Dungeon
  4961 | D:5      | Noticed Sigmund
  4969 | D:5      | Killed Sigmund
  4970 | D:5      | Reached skill level 4 in Crossbows
  5092 | D:5      | Reached skill level 5 in Crossbows
  5620 | D:4      | Found an iron altar of Okawaru.
  6483 | D:5      | Reached XP level 9. HP: 80/80 MP: 8/8
  7557 | D:6      | Reached skill level 6 in Crossbows
  7599 | D:6      | Reached ***** piety under Trog
  9330 | D:7      | Found a staircase to the Ecumenical Temple.
 10056 | D:8      | Reached skill level 7 in Crossbows
 10182 | D:8      | Found a shadowy altar of Dithmenos.
 10489 | D:8      | Noticed a centaur warrior
 10498 | D:8      | Killed a centaur warrior
 10499 | D:8      | Reached skill level 8 in Crossbows
 10499 | D:8      | Reached XP level 10. HP: 85/90 MP: 9/9
 10643 | D:8      | Noticed a centaur warrior
 10655 | D:8      | Killed a centaur warrior
 10921 | D:8      | Noticed a centaur warrior
 10925 | D:8      | Killed a centaur warrior
 10926 | D:8      | Reached skill level 9 in Crossbows
 11220 | D:8      | Identified the +6 plate armour "Oraon" {-Cast rF+ Will+++
                  | Regen+ rCorr}
 11331 | D:8      | Found a hide-covered altar of Uskayaw.
 11424 | D:8      | Found a hide-covered altar of Uskayaw.
 11424 | D:8      | Found a glowing silver altar of Zin.
 11424 | D:8      | Found a hazy altar of Hepliaklqana.
 11426 | D:8      | Found an opulent altar of Gozag.
 11491 | D:9      | Noticed a two-headed ogre
 11503 | D:9      | Killed a two-headed ogre
 11504 | D:9      | Reached skill level 1 in Shields
 11591 | D:9      | Found a basalt altar of Yredelemnul.
 11679 | D:9      | Reached skill level 10 in Crossbows
 11683 | D:9      | Reached skill level 10 in Fighting
 12061 | D:9      | Reached XP level 11. HP: 99/99 MP: 10/10
 12099 | D:9      | Reached skill level 10 in Axes
 12212 | D:9      | Found a sparkling altar of Nemelex Xobeh.
 12212 | D:9      | Found a transporter.
 12444 | D:10     | Entered Level 10 of the Dungeon
 12460 | D:10     | Found a blossoming altar of Fedhas.
 12531 | D:10     | Found a radiant altar of Vehumet.
 12538 | D:10     | Noticed a death knight
 12552 | D:10     | Killed a death knight
 12710 | D:10     | Found a staircase to the Lair.
 12792 | D:10     | Reached skill level 10 in Armour
 13361 | D:11     | Reached skill level 11 in Crossbows
 13957 | D:11     | Found a staircase to the Orcish Mines.
 14588 | D:11     | Found a staircase to the Orcish Mines.
 14859 | D:12     | Reached skill level 5 in Shields
 14996 | D:12     | Found Calomag's Armour Shoppe.
 15024 | D:12     | Noticed a two-headed ogre
 15027 | D:12     | Killed a two-headed ogre
 15113 | D:12     | Noticed a cyan ugly thing
 15122 | D:12     | Killed a cyan ugly thing
 15123 | D:12     | Reached XP level 12. HP: 110/110 MP: 11/11
 15165 | D:12     | Reached skill level 10 in Dodging
 15245 | D:12     | Identified the +8 great mace of Victory {antimagic, rF+
                  | rCorr Str-5 Dex+3}
 15470 | D:13     | Noticed a tengu warrior
 15482 | D:13     | Killed a tengu warrior
 15493 | D:13     | Noticed a six-headed hydra
 15560 | D:13     | Found a flagged portal.
 15565 | D:13     | Noticed a seven-headed hydra
 15569 | Bailey   | Entered a bailey
 15750 | Bailey   | Found an iron altar of Okawaru.
 15768 | Bailey   | Reached ****** piety under Trog
 15769 | Bailey   | Reached skill level 12 in Crossbows
 16106 | Bailey   | Received a gift from Trog
 16385 | Bailey   | Identified the +2 ring mail "Wimaas" {Str+3 Int+6 Dex-5
                  | SInv}
 16460 | D:13     | Killed a three-headed hydra
 16461 | D:13     | Noticed a five-headed hydra
 16463 | D:13     | Killed a one-headed hydra
 16464 | D:13     | HP: 7/168 [skeletal warrior[a skeletal warrior] (20)]
 16466 | D:13     | HP: 1/168 [vampire mosquito (5)]
 16469 | D:13     | Mangled by a water elemental

Illustrated notes

Levels and vault maps discovered:
D:1:      lightli_molten_gateway, layout_basic
D:2:      layout_basic, grunt_decor_mini_mirrors, mrwooster_statue_mirror,
          uniq_robin, uniq_natasha
D:3:      layout_basic
D:4:      corexii_shantytown, layout_rooms, okawaru_metal_pillars_3,
          nicolae_ossuary_entry_monument, st_stairs_2,
          hangedman_abyss_or_decor_passed, minmay_manual_maat
D:5:      minmay_spotlight, layout_basic, uniq_sigmund
D:6:      layout_loops_ring
D:7:      layout_cave_pods, minmay_temple_entry_glassed_door,
          minmay_misc_feat_four_crosses, ebering_dispersal_statue_hall
D:8:      minmay_tri_box, layout_loops_ring,
          nicolae_dithmenos_through_a_glass_darkly, minitemple,
          minmay_ruined_shrine
D:9:      layout_gridville, mainiacjoe_overflow_tiny_flanked,
          grunt_nemelex_the_gamble, serial_rivers,
          chequers_serial_rivers_large_a, chequers_serial_rivers_micro_a,
          chequers_serial_rivers_micro_c, chequers_serial_rivers_large_b,
          chequers_serial_rivers_micro_a
D:10:     layout_roguey, nicolae_vehumet_altar_sigil, fedhas_altar_2,
          erik_lair_island
D:11:     layout_loops_ring, erik_orc_1
D:12:     layout_roguey, serial_shops, shop
D:13:     layout_rooms, enter_bailey_6, serial_bayou_lagoon_b

Skill      XL: |  1  2  3  4  5  6  7  8  9 10 11 12 |
---------------+-------------------------------------+-----
Fighting       | 4 5 6 7 8 10 11 | 11.8
Axes           | 4 5 6 7 8 9 11 | 11.8
Armour         | 3 4 5 7 8 9 10 11 | 11.5
Dodging        | 3 4 5 6 7 8 9 10 | 10.6
Crossbows      | 2 5 8 10 11 12 | 12.0
Shields        | 2 5 7 |  7.1

Action                   |  1- 3 |  4- 6 |  7- 9 | 10-12 || total
-------------------------+-------+-------+-------+-------++-------
Melee: Hand axe          |    25 |       |       |    13 ||    38
       War axe           |    10 |    97 |   265 |   399 ||   771
       Headbutt          |     5 |    18 |    52 |    97 ||   172
Throw: Dart              |       |     1 |     4 |     5 ||    10
Invok: Berserk           |     2 |     5 |     5 |    14 ||    26
  Use: Scroll            |       |     3 |       |     1 ||     4
 Stab: Sleeping          |       |     1 |       |       ||     1
Armor: Animal skin       |    11 |     7 |       |       ||    18
       Ring mail         |       |     7 |    29 |       ||    36
       Chain mail        |       |       |    17 |       ||    17
       Plate armour      |       |       |    61 |   231 ||   292
Dodge: Dodged            |    29 |   111 |   201 |   181 ||   522
Block: Buckler           |       |       |       |    29 ||    29
       Other             |       |       |       |     9 ||     9
       Reflection        |       |       |       |     8 ||     8
       Tower shield      |       |       |       |   376 ||   376
